 Dungeon Crawl Stone Soup version 0.28.0-53-g5a82cb258f (webtiles) character file.

Game seed: 9177025576214437078

35473 DildoBatman the Geomancer (level 14, -4/101 (103) HPs)
             Began as a Formicid Conjurer on July 5, 2022.
             Was a High Priest of Kikubaaqudgha.
             Slain by an orc knight
             ... wielding a +0 long sword
              (21 damage)
             ... on level 13 of the Dungeon.
             The game lasted 00:56:59 (16125 turns).

DildoBatman the Geomancer (Formicid Conjurer)      Turns: 16125, Time: 00:57:00

HP:   -4/101 (103)  AC: 12    Str: 13    XL:     14   Next: 18%
MP:   2/26          EV: 12    Int: 24    God:    Kikubaaqudgha [*****.]
Gold: 1386          SH:  0    Dex: 13    Spells: 4/29 levels left

rFire   . . .      SeeInvis +   a - +4 long sword (freeze)
rCold   . . .      Faith    .   V - +0 kite shield
rNeg    . . .      Spirit   .   o - +0 troll leather armour
rPois   .          Reflect  .   (helmet unavailable)
rElec   .          Harm     .   A - +1 cloak {rCorr}
rCorr   +          Rampage  .   S - +2 pair of gloves
Will    +....                   E - +0 pair of boots
Stlth   +.........              (no amulet)
HPRegen 1.06/turn               g - +6 ring of intelligence
MPRegen 0.20/turn               C - ring of flight

@: confused, flying, very slightly contaminated, lightly drained
A: permanent stasis, dig shafts and tunnels, antennae 3, four strong arms
a: Dig, Shaft Self, Renounce Religion, Receive Corpses, Torment


You were on level 13 of the Dungeon.
You worshipped Kikubaaqudgha.
Kikubaaqudgha was extremely pleased with you.
You visited 3 branches of the dungeon, and saw 16 of its levels.
You also visited: Ossuary and Bailey.

You collected 1832 gold pieces.
You spent 446 gold pieces at shops.

Inventory:

Hand Weapons
 a - a +4 long sword of freezing (weapon)
 b - a +0 hunting sling
 d - a +1 scimitar of flaming
 e - a +5 vampiric halberd
Missiles
 c - 93 sling bullets
 f - 66 bolts
 k - 5 boomerangs of dispersal
 q - 29 poisoned darts
 r - 13 boomerangs
 s - 366 stones (quivered)
 R - 324 arrows
Armour
 o - a +0 troll leather armour (worn)
 A - a +1 cloak of preservation (worn)
 B - a +2 robe of willpower
 E - a +0 pair of boots (worn)
 O - a scarf of repulsion
 Q - a +2 robe of fire resistance
 S - a +2 pair of gloves (worn)
 V - a +0 kite shield (worn)
Jewellery
 g - a +6 ring of intelligence (left hand)
 C - a ring of flight (right hand)
 K - a ring of positive energy
 X - a ring of positive energy
Wands
 p - a wand of charming (8)
 I - a wand of digging (4)
 L - a wand of flame (36)
 W - a wand of polymorph (3)
Scrolls
 i - 4 scrolls of immolation {unknown}
 j - 5 scrolls of fear {unknown}
 z - a scroll of identify
 H - a scroll of enchant weapon {unknown}
 J - 2 scrolls of magic mapping
 M - a scroll of holy word {unknown}
 N - 2 scrolls of summoning {unknown}
 T - a scroll of enchant armour {unknown}
 U - a scroll of fog {unknown}
 Y - a scroll of torment
Potions
 h - a potion of invisibility {unknown}
 l - 5 potions of haste {unknown}
 m - 12 potions of curing
 n - a potion of attraction {unknown}
 u - 3 potions of might
 v - 4 potions of heal wounds
 w - 2 potions of lignification {unknown}
 x - 4 potions of brilliance
 y - a potion of mutation {unknown}
 D - 2 potions of flight {unknown}
 F - a potion of magic {unknown}
 G - 3 potions of cancellation {unknown}
Miscellaneous
 t - a piece from Xom's chessboard (15/15)
 P - a piece from Xom's chessboard (15/15)


   Skills:
 * Level 7.0 Fighting
 * Level 7.7 Armour
 * Level 5.0 Dodging
 - Level 2.4 Stealth
 - Level 9.0 Shields
 - Level 8.0 Spellcasting
 - Level 6.0 Conjurations
 - Level 12.0 Necromancy
 - Level 6.0 Fire Magic
 - Level 3.8 Ice Magic
 - Level 12.0 Earth Magic


You had 4 spell levels left.
You knew the following spells:

 Your Spells              Type           Power      Damage    Failure   Level
a - Borgnjor's Vile Clut  Necr/Erth      30%        N/A       3%          5
b - Conjure Flame         Conj/Fire      38%        6-21      3%          3
c - Searing Ray           Conj           76%        2d7       1%          2
d - Vampiric Draining     Necr           61%        2d10      1%          3
e - Frozen Ramparts       Ice            56%        1d7       10%         3
g - Ozocubu's Armour      Ice            28%        N/A       10%         3
h - Dispel Undead         Necr           61%        3d21      1%          4
z - Sublimation of Blood  Necr           61%        N/A       1%          2

Your spell library contained the following spells:

 Spells                   Type           Power      Damage    Failure   Level
 Animate Skeleton         Necr           100%       N/A       1%          1
 Magic Dart               Conj           100%       1d8       1%          1
 Corpse Rot               Necr/Air       76%        N/A       1%          2
 Animate Dead             Necr           30%        N/A       1%          4
 Dazzling Flash           Conj/Hex       48%        N/A       13%         3
 Inner Flame              Hex/Fire       24%        N/A       13%         3
 Anguish                  Hex/Necr       19%        N/A       13%         4
 Petrify                  Tmut/Erth      38%        N/A       13%         4
 Sticky Flame             Conj/Fire      38%        2d6       13%         4
 Beastly Appendage        Tmut           18%        N/A       16%         1
 Slow                     Hex            36%        N/A       16%         1
 Ignite Poison            Fire/Tmut/Pois 19%        N/A       21%         3
 Poisonous Vapours        Pois/Air       18%        N/A       22%         2
 Wereblood                Tmut           9%         N/A       22%         2
 Confusing Touch          Hex            9%         N/A       41%         3
 Spider Form              Tmut/Pois      9%         N/A       41%         3
 Fulminant Prism          Conj/Hex       12%        3d9       41%         4
 Iskenderun's Mystic Bla  Conj/Tloc      24%        2d7       41%         4
 Cause Fear               Hex            4%         N/A       83%         4
 Agony                    Necr           61%        N/A       3%          5
 Excruciating Wounds      Necr           30%        N/A       3%          5
 Death Channel            Necr           30%        N/A       17%         6
 Simulacrum               Ice/Necr       23%        N/A       65%         6
 Blade Hands              Tmut           4%         N/A       99%         5
 Dragon Form              Tmut           4%         N/A       100%        7
 Discord                  Hex            4%         N/A       100%        8
 Dragon's Call            Summ           4%         N/A       100%        9
 Polar Vortex             Ice            14%        N/A       100%        9


Dungeon Overview and Level Annotations

Branches:
Dungeon (13/15)            Temple (1/1) D:7            Lair (0/6) D:8
    Orc (2/2) D:12            Elf (0/3) Orc:2       Ossuary (visited)
 Bailey (visited)
 Vaults: D:13-14

Altars:
Ashenzari
Cheibriados
Dithmenos
Elyvilon
Fedhas
Gozag
Hepliaklqana
Kikubaaqudgha
Makhleb
Nemelex Xobeh
Okawaru
Qazlal
Ru
Sif Muna
Trog
Uskayaw
Vehumet
Wu Jian
Xom
Yredelemnul
Zin
The Shining One
Beogh

Shops:
D:7 [   D:10 *   Orc:2 :*([


Innate Abilities, Weirdness & Mutations

You cannot be hasted, slowed, berserked, paralysed or teleported.
You can dig through walls and to a lower floor.
You have a pair of large antennae on your head. (SInv)
Your four strong arms can wield two-handed weapons with a shield.


Message History

Aiming: Borgnjor's Vile Clutch (dangerous; 3% risk of failure)
Press: ? - help, Shift-Dir - straight line, f - eight-headed hydra
Aim: an eight-headed hydra (lightly wounded, constricted by zombie hands, 100% to hit)
You miscast Borgnjor's Vile Clutch.
You are very lightly contaminated with residual magic.
The world around you seems to dim momentarily!
You feel drained.
The zombie hands constrict the eight-headed hydra.
The centaur warrior shoots an arrow.
You block the arrow.
The zombie hands constrict the eight-headed hydra!
The boggart mumbles some strange words.
The eight-headed hydra escapes!
The glowing orange brain pulsates.
Something tries to feed on your intellect!
You see here a catoblepas corpse.
The centaur warrior shoots an arrow.
The arrow barely misses you.
The glowing orange brain pulsates.
You are confused.
You bump into the rock wall.
The orc knight misses you.
The glowing orange brain pulsates ominously.
You closely miss the eight-headed hydra.
The eight-headed hydra is moderately wounded.
The orc knight hits you with a +0 long sword.
A golden eye comes into view.
The eight-headed hydra bites you.
The eight-headed hydra bites you but does no damage.
The eight-headed hydra bites you!
The eight-headed hydra bites you but does no damage. x2
The eight-headed hydra bites you. The eight-headed hydra bites you!
The eight-headed hydra bites you.
The glowing orange brain pulsates.
The glowing orange brain radiates an aura of fear!
You easily resist.
The orc knight hits you with a +0 long sword!!
You die...
Kikubaaqudgha rasps: "You have failed me!
Welcome... death!"

#.. ≈≈≈≈.....≈≈ #..#
....... #..# #.$.#
#..# #..# ####..#
#..#######
......######)........
#.......<..#######
#.........[#
#.@######..# #Do#
#..# #.c# #..# #.Q#
#).# #.g# #..# #..##
#### ######..G# #
$....###G## ...
.G....#{H.#....


You could see an eight-headed hydra, an orc knight, a tengu warrior, a glowing
orange brain, a centaur warrior, a boggart and a golden eye.

Vanquished Creatures
  An orc warlord (Orc:2)
  A hydra (D:7)
  A catoblepas (D:13)
  2 vault guards (Bailey)
  A boulder beetle (D:11)
  A death knight (D:12)
  A centaur warrior (D:12)
  2 dancing weapons (D:9)
  2 two-headed ogres
  An orc high priest (Orc:2)
  A skeletal warrior (D:12)
  The ghost of crompyre the Thaumaturge, a novice GnWz of Xom (D:7)
  The ghost of qipq the Magician, a novice OpFE of Gozag (D:7)
  Pikel (D:7)
  3 orc knights (Orc:2)
  2 orc sorcerers (Orc:2)
  2 wolf spider zombies (D:11)
  A manticore (D:12)
  A cyclops (D:11)
  3 orange demons (D:11)
  3 gargoyles
  Maurice (D:8)
  Maggie (D:8)
  An unseen horror (D:11)
  A komodo dragon (D:8)
  Psyche (D:12)
  2 hellwings (D:11)
  8 trolls
  A meliai (D:13)
  3 red devils (D:11)
  The ghost of Groucho the Covert, a novice SpEn (D:5)
  Grinder (D:4)
  Prince Ribbit (Bailey)
  A meliai zombie (D:11)
  A shadow (D:10)
  2 wraiths
  11 yaks
  2 wyverns
  4 humans (Bailey)
  8 vampire mosquitoes (D:12)
  2 basilisks (D:8)
  A steam dragon (D:9)
  Grum (D:9)
  3 acid dragons
  2 water moccasins
  24 orc warriors
  3 sky beasts
  A swamp drake (D:8)
  An ice beast (D:6)
  A black bear (D:6)
  10 ogres
  2 necrophages (D:6)
  4 wolves (D:9)
  6 centaurs
  A phantom (D:5)
  A kobold brigand (D:8)
  Blork the orc (Orc:2)
  14 bullfrogs
  A scorpion (D:5)
  A wyvern skeleton (D:5)
  A water moccasin skeleton (D:5)
  10 killer bees
  7 wights
  9 centaur zombies
  A jelly (D:5)
  2 bullfrog zombies (D:7)
  10 orc priests
  3 hounds
  2 bullfrog skeletons
  An iron imp (D:7)
  20 orc wizards
  6 iguanas
  A killer bee zombie (D:5)
  8 mummies (Ossuary)
  2 howler monkey zombies
  6 gnolls
  11 adders
  4 shadow imps (D:11)
  A white imp (D:6)
  An ufetubus (D:6)
  4 worms
  57 orcs
  12 ball pythons
  3 endoplasms
  4 giant cockroaches
  8 goblins
  5 hobgoblins
  10 jackals
  15 kobolds
  2 quokkas
  5 bats
  3 gnoll zombies (Ossuary)
  2 hobgoblin zombies (Ossuary)
  A kobold zombie (Ossuary)
  2 orc zombies (Ossuary)
  A rat (D:1)
  A spectral orc (D:9)
  2 butterflies (D:4)
406 creatures vanquished.

Vanquished Creatures (others)
  8 withered plants (D:11)
8 creatures vanquished.

Grand Total: 414 creatures vanquished

Notes
Turn   | Place    | Note
-------+----------+-------------------------------------------
     0 | D:1      | DildoBatman the Formicid Conjurer began the quest for the
                  | Orb.
     0 | D:1      | Reached XP level 1. HP: 13/13 MP: 3/3
   313 | D:1      | Reached XP level 2. HP: 19/19 MP: 5/5
   323 | D:1      | Learned a level 2 spell: Searing Ray
   639 | D:1      | Reached XP level 3. HP: 19/24 MP: 2/6
   852 | D:2      | Reached skill level 1 in Armour
   876 | D:2      | Reached skill level 1 in Fighting
   876 | D:2      | Reached XP level 4. HP: 22/32 MP: 1/7
  1279 | D:2      | Found a faded altar of an unknown god.
  1316 | D:2      | Reached XP level 5. HP: 37/37 MP: 9/9
  2406 | D:3      | Found a glowing silver altar of Zin.
  2517 | D:4      | Reached skill level 5 in Conjurations
  2517 | D:4      | Reached XP level 6. HP: 29/44 MP: 0/11
  2665 | D:4      | Noticed Grinder
  2705 | D:4      | Found a shimmering altar of Xom.
  2746 | D:4      | Found a hazy altar of Hepliaklqana.
  2757 | D:4      | Found a sand-covered staircase.
  2825 | Ossuary  | Entered an ossuary
  3192 | Ossuary  | Reached XP level 7. HP: 50/50 MP: 5/13
  3936 | D:5      | Entered Level 5 of the Dungeon
  3951 | D:5      | Learned a level 5 spell: Borgnjor's Vile Clutch
  3988 | D:5      | Found a transporter.
  3993 | D:5      | Noticed Groucho's ghost (novice SpEn)
  3999 | D:5      | Found a transporter.
  4019 | D:5      | Learned a level 3 spell: Vampiric Draining
  4040 | D:5      | Reached skill level 1 in Earth Magic
  4124 | D:5      | Reached skill level 1 in Necromancy
  4241 | D:5      | Reached XP level 8. HP: 57/57 MP: 9/15
  4272 | D:5      | Reached skill level 5 in Spellcasting
  4302 | D:5      | Found a sparkling altar of Nemelex Xobeh.
  4355 | D:5      | Got the Catalogue of Sinister Rites
  4361 | D:5      | Learned a level 4 spell: Dispel Undead
  5297 | D:6      | Reached XP level 9. HP: 45/65 MP: 11/17
  5332 | D:6      | Learned a level 3 spell: Conjure Flame
  5577 | D:6      | Got Sif Muna's Grimoire of the Frostbite
  5796 | D:7      | Found Ilim's Armour Shop.
  5915 | D:5      | HP: 1/49 [wight/+4 long sword of freezing (3)]
  6205 | D:6      | Reached skill level 1 in Fire Magic
  6615 | D:7      | Reached skill level 5 in Fighting
  6675 | D:7      | Reached skill level 5 in Armour
  6682 | D:7      | Reached skill level 5 in Earth Magic
  6846 | D:7      | Found a staircase to the Ecumenical Temple.
  6854 | Temple   | Entered the Ecumenical Temple
  7050 | Temple   | Became a worshipper of Kikubaaqudgha
  7151 | D:4      | Killed Grinder
  7250 | D:7      | Found a runed translucent gate.
  7250 | D:7      | Found a runed translucent gate.
  7250 | D:7      | Found a runed translucent gate.
  7253 | D:7      | Noticed qipq's ghost (novice OpFE)
  7254 | D:7      | Noticed crompyre's ghost (novice GnWz)
  7282 | D:7      | Found a snail-covered altar of Cheibriados.
  7389 | D:7      | Learned a level 3 spell: Frozen Ramparts
  7391 | D:8      | Noticed a troll
  7653 | D:7      | Killed a troll
  7654 | D:7      | Reached XP level 10. HP: 52/74 MP: 5/20
  7728 | D:8      | Noticed a six-headed hydra
  7764 | D:8      | Noticed Pikel
  7792 | D:7      | Killed Pikel
  7793 | D:7      | Reached skill level 5 in Necromancy
  8160 | D:8      | Noticed Maurice
  8165 | D:8      | Killed Maurice
  8313 | D:8      | Noticed a komodo dragon
  8331 | D:8      | Killed a komodo dragon
  8382 | D:8      | Found a staircase to the Lair.
  8513 | D:8      | Found the +1 robe of Vines {NoPotionHeal Regen++++}
  8571 | D:8      | Noticed Maggie
  8581 | D:8      | Killed Maggie
  8582 | D:8      | Reached skill level 5 in Fire Magic
  8638 | D:8      | Found a bloodstained altar of Trog.
  8814 | D:8      | Reached XP level 11. HP: 79/79 MP: 17/21
  8940 | D:8      | Found a shimmering blue altar of Sif Muna.
  9263 | D:7      | Killed a five-headed hydra
  9410 | D:5      | Killed Groucho's ghost
  9534 | D:7      | Killed qipq's ghost
  9573 | D:7      | Killed crompyre's ghost
  9593 | D:7      | Got the Incunabulum of Venom and Transmutation
  9709 | D:9      | Learned a level 3 spell: Ozocubu's Armour
  9710 | D:9      | Found a hide-covered altar of Uskayaw.
  9711 | D:9      | Noticed a +0 dagger
  9729 | D:9      | Reached * piety under Kikubaaqudgha
  9729 | D:9      | Received a gift from Kikubaaqudgha
  9745 | D:9      | Noticed Grum
  9769 | D:9      | Killed Grum
  9923 | D:9      | Found a basalt altar of Yredelemnul.
 10045 | D:9      | Found a flagged portal.
 10141 | D:9      | Found a stormy altar of Qazlal.
 10148 | D:9      | Found an ornate altar of the Wu Jian Council.
 10201 | Bailey   | Entered a bailey
 10377 | Bailey   | Reached ** piety under Kikubaaqudgha
 10523 | Bailey   | Noticed Prince Ribbit
 10523 | Bailey   | Noticed a vault guard
 10535 | Bailey   | Killed Prince Ribbit
 10568 | Bailey   | Killed a vault guard
 10569 | Bailey   | Reached XP level 12. HP: 63/86 MP: 15/23
 10650 | Bailey   | Noticed a vault guard
 10674 | Bailey   | Killed a vault guard
 10675 | Bailey   | Reached skill level 10 in Earth Magic
 11113 | D:9      | Noticed a +0 hand axe
 11127 | D:9      | Killed a +0 dagger
 11127 | D:9      | Killed a +0 hand axe
 11128 | D:9      | Reached skill level 10 in Necromancy
 11212 | D:10     | Entered Level 10 of the Dungeon
 11560 | D:10     | Found Axkoenuj's Gadget Gallery.
 12324 | D:11     | Learned a level 2 spell: Sublimation of Blood
 12596 | D:11     | Reached *** piety under Kikubaaqudgha
 12596 | D:11     | Received a gift from Kikubaaqudgha
 12753 | D:11     | Reached XP level 13. HP: 48/91 MP: 13/25
 12852 | D:11     | Reached skill level 1 in Ice Magic
 13093 | D:11     | Noticed a boulder beetle
 13106 | D:11     | Killed a boulder beetle
 13452 | D:12     | Noticed Psyche
 13456 | D:12     | Killed Psyche
 13793 | D:12     | Reached **** piety under Kikubaaqudgha
 13871 | D:12     | Noticed a centaur warrior
 13882 | D:12     | Killed a centaur warrior
 14083 | D:12     | Found a hazy altar of Hepliaklqana.
 14084 | D:12     | Found a faded altar of an unknown god.
 14141 | D:12     | Found a staircase to the Orcish Mines.
 14334 | Orc:1    | Entered Level 1 of the Orcish Mines
 14540 | Orc:2    | Entered Level 2 of the Orcish Mines
 14608 | Orc:2    | Reached skill level 5 in Shields
 14628 | Orc:2    | Found a staircase to the Elven Halls.
 14751 | Orc:2    | Noticed an orc warlord
 15009 | Orc:2    | Killed an orc warlord
 15198 | Orc:1    | Reached ***** piety under Kikubaaqudgha
 15271 | Orc:1    | Reached XP level 14. HP: 101/101 MP: 10/26
 15612 | Orc:2    | Noticed Blork the orc
 15631 | Orc:2    | Killed Blork the orc
 15709 | Orc:2    | Found Ylailed's Antique Armour Boutique.
 15718 | Orc:2    | Found Huoptel's General Store.
 15742 | Orc:2    | Bought a scroll of magic mapping for 45 gold pieces
 15742 | Orc:2    | Bought a scroll of torment for 97 gold pieces
 15758 | Orc:2    | Bought a steaming cloak for 304 gold pieces
 15758 | Orc:2    | Identified the +0 cloak of the Little Devil {Dex+3} (You
                  | bought it in a shop on level 2 of the Orcish Mines)
 15882 | Orc:2    | Found Cucvocug's Book Boutique.
 15897 | Orc:2    | Found Alaocy's Antique Weapon Boutique.
 16102 | D:13     | Reached skill level 5 in Dodging
 16125 | D:13     | Slain by an orc knight

Illustrated notes

Levels and vault maps discovered:
D:1:      beargit_arrival_diablo_church, layout_basic
D:2:      layout_basic, dilly_ecumenical_altar_fadedgnrine, st_stairs_7
D:3:      layout_basic, general_overflow_altar
D:4:      layout_basic, xom_butterflies, nicolae_overflow_crystal_walls,
          enter_ossuary_3, uniq_grinder
D:5:      layout_basic, nemelex_spade_bored_becter, gammafunk_ghost_mausoleum
D:6:      layout_loops_ring, nicolae_sextant
D:7:      layout_rooms, slow_altar_2, minmay_temple_entry_statues_fountains,
          serial_shops, nicolae_stop_n_shop_1, gammafunk_ghost_cemetery
D:8:      layout_gridville, lemuel_doored_altar, kennysheep_orc_sif_temple,
          erik_lair_dragon, hellmonk_guarded_unrand_vines, uniq_maurice,
          uniq_pikel, uniq_maggie
D:9:      layout_gridville, yredelemnul_forgotten_temple_becter,
          dancing_weapons_uskayaw, mainiacjoe_overflow_big_doors,
          enter_bailey_7, uniq_grum
D:10:     layout_stronghold, kennysheep_flooded_box, nicolae_shop_gadgets
D:11:     cheibrodos_grave_circle, layout_layer_cave, serial_glass,
          glass_columns_a, glass_columns_a, glass_columns_b, glass_columns_b,
          glass_columns_a, glass_columns_c, minivault_25_ag,
          minmay_beelzebubs_servants
D:12:     layout_roguey, hiddenorc1_lemuel, solitary_fountain,
          beargit_hepliaklqana_dungeon_heroes, uniq_psyche
D:13:     minmay_crescents, layout_long_grid, grunt_vaults_entry_fortified,
          uniq_frances, uniq_nessos
Temple:   minmay_temple_curvy_loop
Orc:1:    layout_caves, basic_altar
Orc:2:    grunt_orc_cross, layout_caves

Skill      XL: |  1  2  3  4  5  6  7  8  9 10 11 12 13 14 |
---------------+-------------------------------------------+-----
Conjurations   | 4 5 6 |  6.0
Armour         | 1 2 4 5 6 7 |  7.7
Fighting       | 1 2 4 5 6 7 |  7.0
Spellcasting   | 3 4 5 6 7 8 |  8.0
Earth Magic    | 2 3 5 7 9 12 | 12.0
Necromancy     | 1 3 4 6 9 11 12 | 12.0
Fire Magic     | 2 5 6 |  6.0
Dodging        | 3 4 5 |  5.0
Ice Magic      | 3 |  3.8
Shields        | 7 9 |  9.0
Stealth        | |  2.4

Action                   |  1- 3 |  4- 6 |  7- 9 | 10-12 | 13-15 || total
-------------------------+-------+-------+-------+-------+-------++-------
Melee: Dagger            |    34 |    67 |    11 |       |       ||   112
       Punch             |       |     1 |       |     3 |     4 ||     8
       Long sword        |       |       |     2 |   196 |   153 ||   351
       Scimitar          |       |       |       |     1 |       ||     1
 Fire: Hunting sling     |       |    65 |    71 |       |       ||   136
Throw: Stone             |       |       |       |       |     1 ||     1
 Cast: Magic Dart        |    11 |    18 |    15 |       |       ||    44
       Searing Ray       |     3 |    30 |    48 |     1 |       ||    82
       Vampiric Draining |       |       |     7 |    14 |     7 ||    28
       Borgnjor's Vile C |       |       |     2 |    70 |    83 ||   155
       Dispel Undead     |       |       |     2 |    13 |     4 ||    19
       Conjure Flame     |       |       |     1 |    15 |     7 ||    23
       Sublimation of Bl |       |       |       |     2 |    16 ||    18
       Frozen Ramparts   |       |       |       |       |     1 ||     1
 Abil: Dig               |       |       |     2 |     3 |     1 ||     6
  Use: Potion            |     1 |       |       |       |       ||     1
       Scroll            |       |       |     5 |     5 |       ||    10
 Stab: Sleeping          |     2 |     3 |       |       |       ||     5
Armor: Robe              |    14 |    12 |    22 |    81 |       ||   129
       Troll leather arm |       |       |       |    52 |    85 ||   137
Dodge: Dodged            |    24 |    52 |    60 |   239 |   179 ||   554
Block: Kite shield       |       |       |       |       |    39 ||    39
